 Dungeon Crawl Stone Soup version 0.28.0-1-gb440e238dd (webtiles) character file.

Game seed: 5925984444833151405

1987 spaghetti the Skirmisher (level 9, -5/62 HPs)
             Began as an Octopode Hunter on Feb 20, 2022.
             Slain by a two-headed ogre (26 damage)
             ... on level 6 of the Dungeon.
             The game lasted 00:16:48 (6614 turns).

spaghetti the Skirmisher (Octopode Hunter)          Turns: 6614, Time: 00:16:48

Health: -5/62      AC:  5    Str: 11    XL:     9   Next: 21%
Magic:  8/16       EV: 13    Int: 23    God:
Gold:   311        SH:  0    Dex: 13    Spells: 9/20 levels left

rFire   . . .      SeeInvis .   a - +2 hunting sling
rCold   . . .      Faith    .   (no shield)
rNeg    . . .      Spirit   .   (helmet restricted)
rPois   .          Reflect  .   (no amulet)
rElec   .          Harm     .   u - +6 ring of intelligence
rCorr   .          Rampage  .   v - +4 ring of protection
Will    .....                   (no ring)
Stlth   +++.......              (no ring)
HPRegen 1.00/turn               (no ring)
MPRegen 0.15/turn               (no ring)
                                (no ring)
                                (no ring)

@: no status effects
A: almost no armour, amphibious, 8 rings, camouflage 1, gelatinous body 1,
(nimble swimmer 1), tentacles, low MP 1, regeneration 1, subdued magic 1
a: no special abilities


You were on level 6 of the Dungeon.
You visited 1 branch of the dungeon, and saw 8 of its levels.

You collected 349 gold pieces.
You spent 38 gold pieces at shops.

Inventory:

Hand Weapons
 a - a +2 hunting sling (weapon)
 b - a +0 morningstar
 k - a +0 short sword
 y - a +4 scimitar
Missiles
 c - 59 sling bullets
 d - 40 stones (quivered ammo)
Magical Staves
 r - a staff of death
Jewellery
 o - a ring of flight
 u - a +6 ring of intelligence (left tentacle)
 v - a +4 ring of protection (right tentacle)
 w - a ring of ice
Wands
 m - a wand of paralysis (12)
 q - a wand of flame (25)
Scrolls
 f - 3 scrolls of teleportation
 h - a scroll of fog
 j - 3 scrolls of immolation
 l - 2 scrolls of amnesia
 p - 2 scrolls of enchant armour
 t - 2 scrolls of magic mapping
 x - a scroll of identify
Potions
 i - a potion of curing
 n - a potion of magic
 s - a potion of degeneration


   Skills:
 + Level 6.3 Fighting
 - Level 5.0 Slings
 - Level 2.0 Dodging
 - Level 1.3 Stealth
 - Level 6.0 Spellcasting
 + Level 4.6 Conjurations
 + Level 4.7 Earth Magic


You had 9 spell levels left.
You knew the following spells:

 Your Spells              Type           Power      Damage    Failure   Level
a - Stone Arrow           Conj/Erth      42%        3d9       2%          3
b - Lehudib's Crystal Sp  Conj/Erth      10%        10d4      100%        8

Your spell library contained the following spells:

 Spells                   Type           Power      Damage    Failure   Level
 Shock                    Conj/Air       52%        1d6       2%          1
 Animate Skeleton         Necr           10%        N/A       7%          1
 Beastly Appendage        Tmut           10%        N/A       7%          1
 Pain                     Necr           20%        1d5       7%          1
 Wereblood                Tmut           5%         N/A       11%         2
 Spider Form              Tmut/Pois      5%         N/A       22%         3
 Swiftness                Air            5%         N/A       22%         3
 Vampiric Draining        Necr           5%         2d6       22%         3
 Airstrike                Air            2%         N/A       58%         4
 Animate Armour           Summ/Erth      Unusable   N/A       N/A         4

Dungeon Overview and Level Annotations

Branches:
Dungeon (8/15)             Temple (0/1) D:6
   Lair: D:8-11

Altars:
Kikubaaqudgha
Okawaru
Ru
Sif Muna
Trog
Yredelemnul

Shops:
D:2 ?

Portals:
Bailey: D:8

Annotations:
D:6 exclusion: door
D:7 Hive!, Beepinex's ghost, novice HOFi


Innate Abilities, Weirdness & Mutations

You cannot wear most types of armour.
You are amphibious.
You can wear up to eight rings at the same time.
Your skin changes colour to match your surroundings (Stealth+).
Your rubbery body absorbs attacks. (AC +1, EV +1)
((You are camouflaged when in or above water. (Stealth+)))
You have tentacles for arms and can constrict up to eight enemies at once.
Your magical capacity is low. (-10% MP)
Your natural rate of healing is unusually fast.
Your spells are a little easier to cast, but a little less powerful.


Message History

You climb upwards.
Level annotation: exclusion: door
Found an ancient bone altar of Kikubaaqudgha.
There is a stone staircase leading down here.
Unknown command.
As you read the scroll of fear, it crumbles to dust.
You assume a fearsome visage.
The two-headed ogre looks frightened!
Unknown command.
Casting: Stone Arrow (dangerous; 2% risk of failure)
Confirm with . or Enter, or press ? or * to list all spells.
Aiming: Stone Arrow (dangerous; 2% risk of failure)
Press: ? - help, Shift-Dir - straight line, f - two-headed ogre
Aim: a two-headed ogre, wielding two +0 giant clubs (fleeing, 86% to hit)
The stone arrow hits the two-headed ogre!
The two-headed ogre is moderately wounded.
Your attack snaps the two-headed ogre out of its fear.
Okay, then.
Okay, then.
There is an ancient bone altar of Kikubaaqudgha here.
Okay, then.
Huh?
Evoke which item? (* to show all) (? for menu, Esc to quit)
Okay, then.
Aiming: Paralyse
Press: ? - help, Shift-Dir - straight line, f/p - two-headed ogre
Aim: a two-headed ogre, wielding two +0 giant clubs (lightly wounded, chance to affect: 31%)
Okay, then.
Okay, then.
Okay, then.
Really attack while wielding your +2 hunting sling?
Okay, then.
Casting: Stone Arrow (dangerous; 2% risk of failure)
Confirm with . or Enter, or press ? or * to list all spells.
Aiming: Stone Arrow (dangerous; 2% risk of failure)
Press: ? - help, Shift-Dir - straight line, f/p - two-headed ogre
Aim: a two-headed ogre, wielding two +0 giant clubs (lightly wounded, 86% to hit)
The stone arrow hits the two-headed ogre!
The two-headed ogre is heavily wounded.
The two-headed ogre hits you with a +0 giant club!!
You die...

###############.........#
..........# ###########
#########.# ###_###_############
........#.####8...8...8##.......#
....###.#.####.........########.#
....# #.#.#.#>........._#....##.#
....###.#...##..$......##.#.....#
....#.....#.##8.O.8...8##.#..#..#
##........+.####@###_## #.#.....#
.+........### ### ########.#.#.#
##........# #..........#..
.+........##########.....##.#####
##....######........#+#...#.#
#....######........#.#.#.#.#
##.........#........#.#.#.#.#####
#......)...#........#.#.#.#.#....
#..........#<.......#.....#.#.###


You could see a two-headed ogre.

Vanquished Creatures
  A wraith (D:7)
  A water moccasin (D:6)
  A black bear (D:6)
  2 ice beasts (D:6)
  A necrophage (D:6)
  3 centaurs
  2 phantoms (D:4)
  A bullfrog (D:8)
  4 scorpions
  5 wights
  4 hounds
  An orc priest (D:2)
  A gnoll shaman (D:7)
  3 iguanas
  6 adders
  7 gnolls
  A white imp (D:7)
  An ufetubus (D:7)
  2 worms
  2 dart slugs
  10 orcs
  5 endoplasms
  6 giant cockroaches
  11 goblins
  9 hobgoblins
  2 jackals (D:4)
  12 quokkas
  4 ball pythons
  4 bats
  4 frilled lizards
  8 kobolds
  7 rats
131 creatures vanquished.

Vanquished Creatures (others)
  2 fungi (D:3)
  14 plants
16 creatures vanquished.

Grand Total: 147 creatures vanquished

Notes
Turn   | Place    | Note
-------+----------+-------------------------------------------
     0 | D:1      | spaghetti the Octopode Hunter began the quest for the Orb.
     0 | D:1      | Reached XP level 1. HP: 14/14 MP: 1/1
    78 | D:1      | Reached XP level 2. HP: 19/19 MP: 2/2
  1126 | D:2      | Reached XP level 3. HP: 24/24 MP: 3/3
  1128 | D:2      | Reached skill level 5 in Slings
  1137 | D:2      | Reached skill level 1 in Spellcasting
  1137 | D:2      | Reached XP level 4. HP: 29/29 MP: 3/6
  1314 | D:4      | Noticed a phantom
  1319 | D:4      | Killed a phantom
  1320 | D:4      | Reached XP level 5. HP: 34/34 MP: 6/9
  1366 | D:4      | Found a glowing drain.
  1976 | D:4      | Noticed a phantom
  2011 | D:4      | Killed a phantom
  2012 | D:4      | Reached XP level 6. HP: 12/39 MP: 10/12
  2875 | D:3      | Found a faded altar of an unknown god.
  3291 | D:2      | Found Nibeyrgherip's Magic Scroll Emporium.
  3304 | D:2      | Bought a scroll of amnesia for 38 gold pieces
  3870 | D:2      | Gained mutation: Your spells are a little easier to cast,
                  | but a little less powerful. [potion of mutation]
  3870 | D:2      | Gained mutation: Your magical capacity is low. (-10% MP)
                  | [potion of mutation]
  3870 | D:2      | Gained mutation: Your natural rate of healing is unusually
                  | fast. [potion of mutation]
  4084 | D:5      | Entered Level 5 of the Dungeon
  4106 | D:5      | Reached skill level 5 in Spellcasting
  4282 | D:5      | Reached XP level 7. HP: 46/46 MP: 13/13
  4569 | D:5      | Learned a level 3 spell: Stone Arrow
  4768 | D:6      | Reached skill level 1 in Conjurations
  4768 | D:6      | Reached skill level 1 in Earth Magic
  4870 | D:6      | Found a shimmering blue altar of Sif Muna.
  4885 | D:6      | Found a sacrificial altar of Ru.
  4886 | D:6      | Found a basalt altar of Yredelemnul.
  4984 | D:6      | Reached XP level 8. HP: 32/54 MP: 15/15
  5021 | D:6      | Found a staircase to the Ecumenical Temple.
  5350 | D:6      | Reached skill level 5 in Fighting
  5367 | D:6      | Learned a level 8 spell: Lehudib's Crystal Spear
  5582 | D:6      | Found a bloodstained altar of Trog.
  5689 | D:6      | Found an iron altar of Okawaru.
  6103 | D:7      | Noticed a wraith
  6217 | D:8      | Found a flagged portal.
  6221 | D:8      | Reached XP level 9. HP: 50/53 MP: 16/16
  6237 | D:7      | Noticed a two-headed ogre
  6241 | D:7      | Noticed a hornet
  6268 | D:7      | Noticed a troll
  6450 | D:7      | Noticed a four-headed hydra
  6597 | D:7      | Noticed Beepinex's ghost (novice HOFi)
  6608 | D:6      | Found an ancient bone altar of Kikubaaqudgha.
  6614 | D:6      | Slain by a two-headed ogre

Illustrated notes

Levels and vault maps discovered:
D:1:      dpeg_arrival_connections, layout_basic, serial_forest,
          infiniplex_forest_clump_large, infiniplex_forest_diagonal,
          infiniplex_forest_end_double, infiniplex_forest_lined_2
D:2:      minmay_angry_zag, layout_loops_ring, serial_shops, shop_scrolls
D:3:      layout_loops_ring, shapermc_ecumenical_altar_mp_ritualfount
D:4:      layout_loops_ring, portal_sewer_entry_f
D:5:      layout_rooms, roderic_roman_lattice
D:6:      layout_basic, lemuel_crystal_altar, nicolae_overflow_hidden_temple,
          minmay_temple_entry_from_below_a, kennysheep_generic_room_10
D:7:      layout_loops_ring, gammafunk_ghost_hive, serial_shops,
          nicolae_shop_hallway_plus, grunt_decor_cap,
          hellmonk_guarded_unrand_vines
D:8:      layout_basic, lair_entry_dummy, serial_shops,
          nicolae_shop_hallway_plus, hellmonk_ghost_happy_afterlife,
          enter_bailey_1, uniq_pikel

Skill      XL: |  1  2  3  4  5  6  7  8  9 |
---------------+----------------------------+-----
Slings         | 5 |  5.0
Spellcasting   | 1 3 4 5 6 |  6.0
Fighting       | 3 4 5 6 |  6.3
Conjurations   | 1 4 |  4.6
Earth Magic    | 1 4 |  4.7
Dodging        | |  2.0
Stealth        | |  1.3

Action                   |  1- 3 |  4- 6 |  7- 9 || total
-------------------------+-------+-------+-------++-------
Melee: Short sword       |     9 |     6 |       ||    15
       Constrict         |     3 |    24 |    18 ||    45
       Tentacles         |     1 |    18 |    25 ||    44
       Morningstar       |       |    83 |    95 ||   178
       Punch             |       |     3 |     5 ||     8
 Fire: Hunting sling     |    61 |   128 |    78 ||   267
Throw: Stone             |       |     3 |     4 ||     7
 Cast: Stone Arrow       |       |       |    11 ||    11
  Use: Scroll            |       |    14 |     4 ||    18
       Potion            |       |     6 |     4 ||    10
 Stab: Sleeping          |     2 |     2 |     1 ||     5
Armor: Skin              |     4 |    19 |    26 ||    49
Dodge: Dodged            |    19 |    83 |    76 ||   178
